 Dungeon Crawl Stone Soup version 0.23.1 (webtiles) character file.

Game seed: 7292165813988239725

2419 highc0 the Conjurer (level 9, -2/54 HPs)
             Began as a Deep Elf Fire Elementalist on Mar 6, 2019.
             Slain by a centaur (6 damage)
             ... on level 6 of the Dungeon.
             The game lasted 00:22:09 (8934 turns).

highc0 the Conjurer (Deep Elf Fire Elementalist)    Turns: 8934, Time: 00:22:10

Health: -2/54      AC:  7    Str:  5    XL:     9   Next: 24%
Magic:  7/20       EV: 14    Int: 24    God:
Gold:   64         SH:  0    Dex: 15    Spells: 13/21 levels left

rFire    + . .     SeeInvis .   z - staff of conjuration (curse)
rCold    . . .     Gourm    .   (no shield)
rNeg     . . .     Faith    .   E - +2 leather armour {rF+}
rPois    +         Spirit   .   l - +0 helmet
rElec    .         Reflect  .   (no cloak)
rCorr    .         Harm     .   p - +0 pair of gloves
MR       +....                  (no boots)
Stlth    ++........             (no amulet)
HPRegen  0.18/turn              m - ring of protection from magic
MPRegen  0.17/turn              y - ring of poison resistance

@: no status effects
A: no striking features
a: no special abilities


You were on level 6 of the Dungeon.
You were not hungry.

You visited 2 branches of the dungeon, and saw 7 of its levels.

You collected 304 gold pieces.
You spent 240 gold pieces at shops.

Inventory:

Hand Weapons
 F - a +1 dagger of venom
Missiles
 d - 155 stones (quivered)
Armour
 l - a +0 helmet (worn)
 p - a +0 pair of gloves (worn)
 E - a +2 leather armour of fire resistance (worn)
Magical Staves
 z - a cursed staff of conjuration (weapon)
Jewellery
 m - a ring of protection from magic (left hand)
 y - a ring of poison resistance (right hand)
Wands
 a - a wand of flame (27)
 x - a wand of enslavement (5)
 B - a wand of acid (8)
Scrolls
 e - 7 scrolls of remove curse
 f - 2 scrolls of teleportation
 g - a scroll of enchant weapon {unknown}
 i - a scroll of magic mapping
 j - 3 scrolls of enchant armour
 k - a scroll of immolation {unknown}
 n - 2 scrolls of fear {unknown}
 o - 2 scrolls of amnesia {unknown}
 s - a scroll of random uselessness {unknown}
 C - 2 scrolls of acquirement {unknown}
Potions
 b - 3 potions of curing {unknown}
 h - 4 potions of haste
 q - 2 potions of mutation {unknown}
 r - 4 potions of heal wounds
 t - a potion of resistance {unknown}
 u - a potion of invisibility {unknown}
 v - a potion of cancellation {unknown}
 w - a potion of ambrosia {unknown}
 A - a potion of flight {unknown}
Comestibles
 c - 8 rations
 D - 17 chunks of flesh


   Skills:
 + Level 5.1 Fighting
 - Level 6.1 Dodging
 - Level 2.4 Stealth
 - Level 6.5 Spellcasting
 - Level 7.0 Conjurations
 - Level 6.9 Fire Magic


You had 13 spell levels left.
You knew the following spells:

 Your Spells              Type           Power        Failure   Level  Hunger
a - Flame Tongue          Conj/Fire      #####        1%          1    None
c - Sticky Flame          Conj/Fire      ######..     7%          4    ###....
v - Conjure Flame         Conj/Fire      ######..     1%          3    None

Your spell library contained the following spells:

 Spells                   Type           Power        Failure   Level  Hunger
 Magic Dart               Conj           ####         1%          1    None
 Throw Flame              Conj/Fire      ######       1%          2    None
 Inner Flame              Hex/Fire       ###.....     9%          3    None
 Mephitic Cloud           Conj/Pois/Air  ####....     14%         3    None
 Blink                    Tloc           N/A          19%         2    None
 Call Imp                 Summ           #.......     19%         2    None
 Slow                     Hex            #.......     19%         2    None
 Fireball                 Conj/Fire      ######....   19%         5    #####..


Dungeon Overview and Level Annotations

Branches:
Dungeon (6/15)             Temple (1/1) D:5

Altars:
Ashenzari
Cheibriados
Dithmenos
Elyvilon
Gozag
Hepliaklqana
Kikubaaqudgha
Makhleb
Nemelex Xobeh
Ru
Trog
Uskayaw
Wu Jian
Xom
Yredelemnul

Shops:
D:6 =

Annotations:
D:4 2 transporters, Leissi's ghost, amateur MiFi
D:6 Pikel


Message History

* * * LOW HITPOINT WARNING * * *
Casting: Sticky Flame (safe; 7% risk of failure)
Confirm with . or Enter, or press ? or * to list all spells.
Aiming: Sticky Flame (safe; 7% risk of failure)
Press: ? - help, Shift-Dir - straight line, f - centaur
Aim: a centaur You feel a surge of power!
The sticky flame hits the centaur!
The centaur is moderately wounded.
The centaur is covered in liquid flames!
The centaur burns!
The centaur barely misses you. The centaur hits you.
* * * LOW HITPOINT WARNING * * *
Casting: Sticky Flame (safe; 7% risk of failure)
Confirm with . or Enter, or press ? or * to list all spells.
Aiming: Flame Tongue (safe; 1% risk of failure)
Press: ? - help, Shift-Dir - straight line, f/p - centaur
Aim: a centaur (heavily wounded, covered in liquid flames)
You feel a surge of power!
The flame tongue hits the centaur.
The centaur is heavily wounded.
The centaur burns!
The centaur hits you.
You die...

,,,,#K....#.,****,,,...........#.
,,,*#........####..,.............
,,**#....##.......#*#.##.........
,,* #....##.......###.######.....
,,*##....##.#....###..## #.....
,,*#∩.∩................#####.#...
,**#.....##.#.....#...........(..
*###∩)∩..##.#..................(#
*#....).......(.@c...............
......#(#...(..##................
....###...(..####..[.............
####* #.....## #................
#.....# #................ #.....#
#................ #.....#
##.............<# #.....#
##.....##.....## #.....#
###############


You could see a centaur (burning).

Vanquished Creatures
  A hippogriff (D:4)
  Sigmund (D:2)
  Eustachio (D:5)
  A hungry ghost (D:5)
  Edmund (D:5)
  Menkaure (D:6)
  2 orc warriors
  An ice beast (D:5)
  A sky beast (D:5)
  4 ogres
  2 centaurs (D:6)
  2 bullfrogs
  Blork the orc (D:6)
  A wyvern skeleton (D:6)
  A howler monkey (D:4)
  A jelly (D:6)
  3 orc wizards
  2 bullfrog zombies (D:5)
  A gnoll shaman (D:6)
  A hound skeleton (D:5)
  5 gnolls
  6 adders
  An ooze (D:2)
  2 worms
  3 dart slugs
  3 leopard geckos
  13 orcs
  9 bats
  3 giant cockroaches
  A goblin (D:2)
  11 hobgoblins
  7 jackals
  A ball python (D:1)
  2 frilled lizards
  A jackal zombie (D:5)
  5 kobolds
  2 rats (D:2)
104 creatures vanquished.

Notes
Turn   | Place    | Note
-------+----------+-------------------------------------------
     0 | D:1      | highc0 the Deep Elf Fire Elementalist began the quest for
                  | the Orb.
     0 | D:1      | Reached XP level 1. HP: 10/10 MP: 6/6
   306 | D:1      | Reached XP level 2. HP: 1/15 MP: 1/8
   846 | D:1      | Reached skill level 2 in Conjurations
  1425 | D:2      | Reached XP level 3. HP: 19/19 MP: 5/9
  1762 | D:2      | Learned a level 3 spell: Conjure Flame
  2236 | D:2      | Noticed Sigmund
  2740 | D:3      | Reached XP level 4. HP: 24/24 MP: 6/11
  2891 | D:2      | Learned a level 4 spell: Sticky Flame
  3227 | D:3      | Reached skill level 3 in Conjurations
  3424 | D:3      | Noticed an orc warrior
  4453 | D:3      | Reached XP level 5. HP: 18/28 MP: 7/13
  4578 | D:4      | Found a transporter.
  4601 | D:4      | Found a transporter.
  4602 | D:4      | Noticed Leissi's ghost (amateur MiFi)
  4798 | D:4      | Noticed an ogre
  4808 | D:4      | HP: 1/28 [ogre/+0 giant club (20)]
  4809 | D:4      | Killed an ogre
  4809 | D:4      | Reached skill level 4 in Conjurations
  4809 | D:4      | Reached skill level 5 in Fire Magic
  5217 | D:4      | Noticed a hippogriff
  5230 | D:4      | Killed a hippogriff
  5230 | D:4      | Reached skill level 5 in Spellcasting
  5230 | D:4      | Reached XP level 6. HP: 22/32 MP: 9/15
  5398 | D:4      | Found a shadowy altar of Dithmenos.
  5398 | D:4      | Found a burning altar of Makhleb.
  5403 | D:4      | Found a faded altar of an unknown god.
  5405 | D:4      | Found an opulent altar of Gozag.
  5407 | D:4      | Found a basalt altar of Yredelemnul.
  5468 | D:4      | Reached skill level 5 in Conjurations
  5641 | D:4      | Found a hide-covered altar of Uskayaw.
  5826 | D:5      | Entered Level 5 of the Dungeon
  5826 | D:5      | Noticed a sky beast
  5851 | D:5      | Killed a sky beast
  5851 | D:5      | Reached XP level 7. HP: 30/36 MP: 3/16
  6109 | D:2      | Killed Sigmund
  6246 | D:3      | Reached skill level 6 in Conjurations
  6690 | D:5      | Noticed Edmund
  6816 | D:5      | Reached XP level 8. HP: 33/41 MP: 10/19
  6902 | D:5      | Reached skill level 7 in Conjurations
  7000 | D:5      | Found a staircase to the Ecumenical Temple.
  7016 | D:5      | Killed Edmund
  7016 | D:5      | Reached skill level 1 in Fighting
  7201 | Temple   | Entered the Ecumenical Temple
  7310 | D:5      | Noticed Eustachio
  7329 | D:5      | Killed Eustachio
  8381 | D:6      | Noticed Pikel
  8394 | D:5      | Reached skill level 5 in Dodging
  8575 | D:6      | Reached XP level 9. HP: 52/52 MP: 17/20
  8745 | D:6      | Noticed Menkaure
  8750 | D:6      | Killed Menkaure
  8872 | D:6      | Found Ekainat's Jewellery Shoppe.
  8891 | D:6      | Noticed Blork the orc
  8905 | D:6      | Killed Blork the orc
  8905 | D:6      | Reached skill level 5 in Fighting
  8914 | D:6      | Bought an uncursed ring of poison resistance for 240 gold
                  | pieces
  8934 | D:6      | Slain by a centaur

Skill      XL: |  1  2  3  4  5  6  7  8  9 |
---------------+----------------------------+-----
Conjurations   | 2 3 4 5 6 7 |  7.0
Fire Magic     | 4 5 6 |  6.9
Spellcasting   | 4 5 6 |  6.5
Fighting       | 4 5 |  5.1
Dodging        | 5 6 |  6.1
Stealth        | |  2.4

Action                   |  1- 3 |  4- 6 |  7- 9 || total
-------------------------+-------+-------+-------++-------
Melee: Short sword       |     9 |     2 |       ||    11
       Staff             |       |       |    39 ||    39
Throw: Stone             |     4 |     3 |    12 ||    19
 Cast: Flame Tongue      |    60 |    83 |   121 ||   264
       Sticky Flame      |       |     3 |    18 ||    21
       Conjure Flame     |       |       |     1 ||     1
  Use: Scroll            |     1 |       |     6 ||     7
  Eat: Chunk             |     4 |    11 |     6 ||    21
       Ration            |       |       |     2 ||     2
Armor: Robe              |     6 |    14 |    17 ||    37
       Leather armour    |       |       |    16 ||    16
Dodge: Dodged            |    15 |    54 |    80 ||   149
